 Dungeon Crawl Stone Soup version 0.30-a0-1112-gfb780f5df6 (webtiles) character file.

Game seed: 1374095137524855682

6 Aneyh the Slasher (level 1, 0/14 HPs)
             Began as a Tengu Monk on Apr 18, 2023.
             Slain by a gnoll
             ... wielding a +0 club
              (8 damage)
             ... on level 1 of the Dungeon on Apr 19, 2023.
             The game lasted 00:01:24 (172 turns).

Aneyh the Slasher (Tengu Monk)                       Turns: 172, Time: 00:01:25

Health: 0/14       AC:  2    Str: 11    XL:     1   Next: 90%
Magic:  2/2        EV: 13    Int: 10    God:
Gold:   36         SH:  0    Dex: 16    Spells: 0/0 levels left

rFire   . . .      SeeInvis .    a - +0 falchion
rCold   . . .      Faith    .    d - orb {light}
rNeg    . . .      Spirit   .    b - +0 robe
rPois   .          Reflect  .    (helmet restricted)
rElec   .          Rampage  .    (no cloak)
rCorr   .                        (no gloves)
Will    .....                    (boots unavailable)
Stlth   +                        (no amulet)
HPRegen 0.22/turn                (no ring)
MPRegen 0.08/turn                (no ring)

@: glowing
A: beak, talons 3
a: no special abilities


You were on level 1 of the Dungeon.
You visited 1 branch of the dungeon, and saw 1 of its levels.

You collected 36 gold pieces.

Inventory:

Hand Weapons
 a - a +0 falchion (weapon)
Armour
 b - a +0 robe (worn)
 d - an orb of light (worn)
Potions
 c - a potion of ambrosia


   Skills:
 * Level 3.2 Fighting
 + Level 3.4 Long Blades
 - Level 3.3 Dodging


You couldn't memorise any spells.
You didn't know any spells.
Your spell library was empty.

Dungeon Overview and Level Annotations

Branches:
Dungeon (1/15)

Altars:


Innate Abilities, Weirdness & Mutations

You have a beak for a mouth.
You have claws for feet.


Message History

The ball python constricts you.
You completely miss the ball python.
The ball python is severely wounded.
The ball python bites you. The ball python constricts you.
The ball python bites you. The ball python constricts you.
You barely miss the ball python. You claw the ball python.
You kill the ball python!
HP restored.
Found a stone staircase leading down.
No target in view!
No target in view!
You open the door.
There is an open door here.
You open the door.
There is an open door here.
An endoplasm comes into view.
The endoplasm quivers.
The endoplasm misses you.
You slash the endoplasm!
You kill the endoplasm!
No target in view!
A gnoll and a bat come into view.
The gnoll shouts!
There are monsters nearby!
There are monsters nearby!
You barely miss the bat. You claw the bat.
The bat is heavily wounded.
The bat barely misses you. x2
You barely miss the bat. Your peck misses the bat.
The bat is heavily wounded.
The bat hits you. The bat closely misses you. The gnoll misses you.
You hit the gnoll but do no damage. You claw the gnoll.
The gnoll is heavily wounded.
The bat closely misses you. The gnoll hits you with a +0 club.
The bat closely misses you.
You barely miss the gnoll. Your kick misses the gnoll.
The gnoll is heavily wounded.
The bat barely misses you. The gnoll hits you with a +0 club!
Ouch! That really hurt!
You die...

# #.###### .....#
#####
##.#.######...#
#.g@........#.#
#......#.######...#
......b#.# ##.##
#....#.#.# #.#
.........# #.# ###.
##### #.# # #.#
##+# ##.## ##...##
#...#


You could see a gnoll and a bat.

Vanquished Creatures
  An endoplasm (D:1)
  A goblin (D:1)
  2 ball pythons (D:1)
  A bat (D:1)
  A frilled lizard (D:1)
6 creatures vanquished.

Notes
Turn   | Place    | Note
-------+----------+-------------------------------------------
     0 | D:1      | Aneyh the Tengu Monk began the quest for the Orb.
     0 | D:1      | Reached XP level 1. HP: 14/14 MP: 2/2
    83 | D:1      | Found a faded altar of an unknown god.
    84 | D:1      | Upgraded the game from 0.30-a0-1094-g860fb061e7 to
                  | 0.30-a0-1112-gfb780f5df6
   172 | D:1      | Slain by a gnoll

Illustrated notes

Levels and vault maps discovered:
D:1:      tarquinn_simple_flora_water_b, layout_loops_corners,
          nicolae_ecumenical_snake_handling

Action                     || total
---------------------------++-------
  Melee: Falchion          ||    16
         Kick              ||     5
         Peck              ||     1
 Armour: Robe              ||     1
  Dodge: Dodged            ||    14

Table legend: (Time is in decaauts)
 A = Elapsed time spent in this place.
 B = Non-inter-level travel time spent in this place.
 C = Inter-level travel time spent in this place.
 D = Time resting spent in this place.
 E = Time spent auto-exploring this place.
 F = Levels seen in this place.
 G = Mean time per level.
                   A        B        C        D        E       F      G
               +--------+--------+--------+--------+--------+-----+--------+
         Total |    173 |    173 |      0 |      0 |    137 |   1 |  173.0 |
       Dungeon |    173 |    173 |      0 |      0 |    137 |   1 |  173.0 |
               +--------+--------+--------+--------+--------+-----+--------+

Top non-repeatable levels by time:
     D:1: 173 daAuts
